[Event "*** SCC Grand Prix: Titled Tuesday Blitz"]
[Site "Chess.com"]
[Date "2020.08.04"]
[Round "3"]
[White "Patov"]
[Black "SilviusTiberius"]
[Result "1-0"]
[WhiteElo "2310"]
[BlackElo "2507"]
[TimeControl "180+1"]
[EndTime "14:11:55 PDT"]
[Termination "Patov won by resignation"]

1. e4 c5 2. c3 Nf6 3. e5 Nd5 4. d4 cxd4 5. Qxd4 e6 6. Nf3 Nc6 7. Qe4 f5 8. Qe2 b5 9. g3 a5 10. Bg2 Ba6 11. O-O Bc5 12. a3 b4 13.
c4 Nb6 14. b3 a4 15. axb4 Nxb4 16. Nc3 axb3 17. Nd2 Nc2 18. Rxa6 Rxa6 19. Nxb3 Nd4 20. Nxd4 Bxd4 21. Nb5 Bc5 22. Be3 Be7 23. c5 Nc8 24.
Rd1 Qa5 25. Nc7+ Qxc7 26. Qxa6 O-O 27. Qb7 Qxe5 28. Rxd7 Bf6 29. Bd4 Qe1+ 30. Bf1 Bxd4 31. Rxd4 f4 32. Rxf4 Rxf4 33. gxf4 Qd1 34. Qxc8+ Kf7 35. Qb7+ Kf6 36. Qg2 Qc1 37. Qg5+ Kf7 38. Qe5 Qd1 39. h3 Qc1 1-0

[Event "*** SCC Grand Prix: Titled Tuesday Blitz"]
[Site "Chess.com"]
[Date "2020.08.04"]
[Round "3"]
[White "BillCoe"]
[Black "Semen_Khanin"]
[Result "0-1"]
[WhiteElo "2139"]
[BlackElo "2789"]
[TimeControl "180+1"]
[EndTime "14:12:00 PDT"]
[Termination "Semen_Khanin won by resignation"]

1. e4 c5 2. Nf3 e6 3. d4 cxd4 4.
Nxd4 Nc6 5. Be3 Qc7 6. Bd3 a6 7.
O-O Nf6 8. c4 Ne5 9. Qe2 Bc5 10.
b3 Neg4 11. g3 Nxe3 12. fxe3 h5 13. Nd2 h4 14. Qf3 hxg3 15. hxg3 Qe5 16. Kg2 d6 17. Rh1 Rf8 18. Rad1 Bd7 19. Qf4 g5 20. Qf2 Ng4 21. Qe2 Nxe3+ 22. Qxe3 Bxd4 23. Qe2 g4 24.
Qxg4 O-O-O 25. Nf3 Qc5 26. Nxd4 Qxd4 27. Qf3 Bc6 28.
Rhe1 f5 29. Qf2 Qe5 30. Bc2 fxe4 31. Qe2 e3+ 0-1

[Event "*** SCC Grand Prix: Titled Tuesday Blitz"]
[Site "Chess.com"]
[Date "2020.08.04"]
[Round "3"]
[White "ace_mar"]
[Black "AbigailCabezas"]
[Result "0-1"]
[WhiteElo "2469"]
[BlackElo "1385"]
[TimeControl "180+1"]
[EndTime "14:12:00 PDT"]
[Termination "AbigailCabezas won by resignation"]

1. d4 e6 2. c4 d5 3. Nf3 c5 4.
cxd5 exd5 5. g3 Nf6 6. Bg2 Be7 7.
O-O O-O 8. dxc5 Bxc5 9. Qc2 b6 10. Nc3 Bb7 11. Rd1 Qe7 12. Bg5 h6 13. Bxf6 Qxf6 14. Nxd5 Bxd5 15. Rxd5 Nc6 16. a3 Nd4 17. Nxd4 Bxd4 18.
Rxd4 Qxd4 19. Bxa8 Rxa8 20. e3 Qf6 21. Rd1 Rd8 22.
Rxd8+ Qxd8 23. Qc6 Qe7 24. Kg2 Kh7 25. h4 Qe5 26. b4 Qb2 27. Qd7 Qxa3 28. Qxf7 Qxb4 29. Qxa7 Qe4+ 30. Kh2 b5 31. Qb6 b4 32. Qb8 Qc4 33. Qb7 b3 34. e4 Qc2 35. e5 b2 0-1

[Event "*** SCC Grand Prix: Titled Tuesday Blitz"]
[Site "Chess.com"]
[Date "2020.08.04"]
[Round "3"]
[White "AndrewDGreen"]
[Black "GalperinPlaton"]
[Result "0-1"]
[WhiteElo "2392"]
[BlackElo "2614"]
[TimeControl "180+1"]
[EndTime "14:12:03 PDT"]
[Termination "GalperinPlaton won by resignation"]

1. d4 Nf6 2. Nf3 e6 3. Bf4 b6 4.
e3 Bb7 5. Nbd2 d6 6. h3 Nbd7 7. Be2 h6 8. Bh2 g5 9. a4 a6 10. a5 b5 11. c4 bxc4 12. Nxc4 Rg8 13. Nfd2 Bxg2 14. Rg1 Bxh3 15. Qa4 Qb8 16. Bf3 d5 17.
Ne5 Qb5 18. Qc2 Bd6 19. Be2 Qb7 20. Bd3 Rb8 21. b3 h5 22. Qa2 Ne4 23. Nxe4 dxe4 24.
Bc4 Nxe5 25. Bxe5 Bxe5 26. Qa4+ Ke7 27. dxe5 Bg4 28. Rc1 c5 29. Qa3 Qb4+ 30. Qxb4 Rxb4 31. Bxa6 Rxb3 32. Rxg4 hxg4 33. Rxc5 g3 34. Rc7+ Kf8 35. fxg3 Rxe3+ 36. Kd2 Rxg3 37. Bb7 Ra3 38. a6 g4 39. Ke2 g3 40. Rc8+ Kg7 41. Rxg8+ Kxg8 42. Kf1 Kg7 43. Kg2 Kh6 44. Bxe4 Rxa6 45. Kxg3 Kg5 0-1

[Event "*** SCC Grand Prix: Titled Tuesday Blitz"]
[Site "Chess.com"]
[Date "2020.08.04"]
[Round "3"]
[White "spicycaterpillar"]
[Black "ElGasanov"]
[Result "0-1"]
[WhiteElo "2991"]
[BlackElo "2774"]
[TimeControl "180+1"]
[EndTime "14:12:10 PDT"]
[Termination "ElGasanov won by resignation"]

1. e4 c5 2. Nf3 Nc6 3. Bb5 Nf6 4. Nc3 d6 5. d4 cxd4 6. Nxd4 Bd7 7. Bg5 e6 8. Bxc6 bxc6 9. f4 Qb6 10. Qd2 h6 11. Bh4 Be7 12. e5 dxe5 13. fxe5 Ne4 14. Nxe4 Bxh4+ 15. g3 Be7 16. O-O O-O 17. Nf6+ Bxf6 18. exf6 e5 19.
c3 exd4 20. cxd4 Rae8 21. Rf4 g5 22. Rf2 Re4 23. Rd1 Bg4 24. Qd3 Rfe8 25. Rdd2 Bh3 26. Rf1 Bxf1 0-1

[Event "*** SCC Grand Prix: Titled Tuesday Blitz"]
[Site "Chess.com"]
[Date "2020.08.04"]
[Round "3"]
[White "Lion-Al-Messi"]
[Black "GigaQuparadze"]
[Result "0-1"]
[WhiteElo "2474"]
[BlackElo "2931"]
[TimeControl "180+1"]
[EndTime "14:12:11 PDT"]
[Termination "GigaQuparadze won on time"]

1. d4 Nf6 2. Nf3 e6 3. Nc3 Bb4 4. Bg5 c5 5. dxc5 Qa5 6. Bxf6 gxf6 7. Qd2 Qxc5 8. e3 Nc6 9. Bd3 Ne7 10. O-O Bxc3 11.
bxc3 b6 12. Rab1 Bb7 13. Rb5 Qc7 14. e4 Rg8 15. Kh1 O-O-O 16. a4 f5 17. Qe3 fxe4 18. Bxe4 Nd5 19. Bxd5 Bxd5 20. a5 Bc4 21. axb6 axb6 22.
Rfb1 Bxb5 23. Rxb5 Qc4 24. Rb1 Qc5 25. Nd4 e5 26.
Nf5 Qxe3 27. fxe3 Kc7 28. Ne7 Rg4 29. Nd5+ Kc6 30. Ne7+ Kc5 31. Kg1 Rc4 32. Rb3 d5 33. Nf5 Ra8 34. Nh6 Ra7 35. h3 f6 36. Ng4 Rxg4 37.
hxg4 Ra2 38. Kf2 Rxc2+ 39. Kg3 Re2 40. Kf3 Rc2 41. Kg3 h6 42. Kf3 b5 43. Ra3 e4+ 44.
Kg3 Re2 45. Kf4 Rxg2 46. Kf5 Rf2+ 47. Ke6 Rf3 48. Ra8 Rxe3 49. Rc8+ Kb6 50. Kxd5 Rg3 51. Rc6+ Ka5 52. Kxe4 Rxg4+ 53. Kf5 Rc4 54. Rxf6 h5 55. Kg5 Rc5+ 0-1

[Event "*** SCC Grand Prix: Titled Tuesday Blitz"]
[Site "Chess.com"]
[Date "2020.08.04"]
[Round "3"]
[White "onnoelgersma"]
[Black "AvitalBor"]
[Result "0-1"]
[WhiteElo "2452"]
[BlackElo "2757"]
[TimeControl "180+1"]
[EndTime "14:12:15 PDT"]
[Termination "AvitalBor won on time"]

1. e4 e5 2. Nf3 Nc6 3. Bb5 a6 4. Ba4 Nf6 5. d3 b5 6. Bb3 Be7 7. O-O Bb7 8. Nc3 O-O 9. Nd5 Na5 10. Nxe7+ Qxe7 11. Bg5 Nxb3 12. axb3 h6 13. Bxf6 Qxf6 14.
b4 d5 15. exd5 Bxd5 16. Nd2 Qg6 17.
f3 f5 18. Qe2 Rae8 19. c4 Bb7 20. Kh1 Qd6 21. cxb5 axb5 22. Ra7 Bd5 23. Qe3 e4 24. fxe4 fxe4 25. Rxf8+ Rxf8 26. dxe4 Bxe4 27. Ra1 Bd5 28. Qc3 Rf2 29. Rg1 Qf4 30. Nb3 Rxg2 0-1

[Event "*** SCC Grand Prix: Titled Tuesday Blitz"]
[Site "Chess.com"]
[Date "2020.08.04"]
[Round "3"]
[White "Belka1989"]
[Black "chessvr"]
[Result "0-1"]
[WhiteElo "2300"]
[BlackElo "2109"]
[TimeControl "180+1"]
[EndTime "14:12:16 PDT"]
[Termination "chessvr won on time"]

1. d4 Nf6 2. Nf3 g6 3. Bf4 d6 4. e3 Bg7 5. Be2 O-O 6. O-O Nbd7 7. c3 Nh5 8. Bg5 h6 9. Bh4 g5 10. Bg3 Nxg3 11. hxg3 e5 12. dxe5 Nxe5 13. Nbd2 Qe7 14.
Nxe5 dxe5 15. Nf3 Be6 16. Qc2 f5 17. Rfd1 g4 18. Nd2 f4 19. exf4 exf4 20. gxf4 Rxf4 21. Re1 Qf7 22. Rf1 Rf8 23. Ne4 Bf5 24. f3 g3 25. Qa4 Bxe4 26. Bc4 Bd5 27. Bxd5 Qxd5 0-1

[Event "*** SCC Grand Prix: Titled Tuesday Blitz"]
[Site "Chess.com"]
[Date "2020.08.04"]
[Round "3"]
[White "mishanick"]
[Black "realmadridtv"]
[Result "1-0"]
[WhiteElo "2932"]
[BlackElo "2475"]
[TimeControl "180+1"]
[EndTime "14:12:20 PDT"]
[Termination "mishanick won by resignation"]

1. d4 Nf6 2. c4 g6 3. Nc3 d5 4.
cxd5 Nxd5 5. e4 Nxc3 6. bxc3 Bg7 7. Nf3 c5 8. Bb5+ Nc6 9. d5 a6 10. Be2 Ne5 11. Nxe5 Bxe5 12. Qd2 O-O 13. f4 Bg7 14. O-O b5 15. e5 c4 16. Ba3 Bb7 17. Bf3 Qd7 18.
Kh1 Rfd8 19. Rfd1 e6 20. d6 Bxf3 21. gxf3 Qc6 22. Qe3 a5 23. Bc5 Rab8 24. Rab1 h5 25. a3 Bh6 26. Bd4 Kh7 27. h4 Rb7 28. Kg2 Rdb8 29.
Kg3 Kg8 30. Qe4 Qd7 31. Rb2 a4 32. Bc5 Bf8 33. Rdb1 Kh7 34. Be3 Kg8 35. Qd4 Bg7 36. Rd2 Bf8 37. Kf2 Bg7 38. Ke2 Bf8 39. Qe4 Bg7 40. Rg1 Kh7 41. Rg5 Bh6 42. Rxh5 Kg7 43.
Rxh6 Kxh6 44. f5+ Kg7 45. f6+ Kf8 46. h5 Ke8 47. h6 Kd8 48. h7 Qe8 49. Qh4 Qh8 50.
Qh6 Kd7 51. Qg7 Rf8 52. Rd1 Rbb8 53. Rh1 Rbd8 54. Bc5 Kc6 55. Bb4 Kd7 56. Ke3 Rde8 57. Kf4 Rc8 58. Kg5 Rce8 59. Kh6 Rc8 60. Qxh8 Rxh8 61. Kg7 Rcf8 62. Rh2 Kc6 63. d7 Rd8 64. Kxf7 Rxd7+ 65. Kxg6 Kd5 66. Rd2+ Kc6 67. Rxd7 Kxd7 68. Kg7 1-0

[Event "*** SCC Grand Prix: Titled Tuesday Blitz"]
[Site "Chess.com"]
[Date "2020.08.04"]
[Round "3"]
[White "ajdemipopushi"]
[Black "Koalaskakistis"]
[Result "1-0"]
[WhiteElo "2267"]
[BlackElo "2495"]
[TimeControl "180+1"]
[EndTime "14:12:21 PDT"]
[Termination "ajdemipopushi won by resignation"]

1. Nf3 Nf6 2. g3 g6 3. c4 Bg7 4. Bg2 O-O 5. O-O d6 6. d4 Nc6 7. Nc3 e5 8. d5 Ne7 9. c5 Ne8 10. cxd6 cxd6 11. a4 f5 12. Nd2 e4 13. Qb3 Nc7 14. Rd1 b6 15. Nc4 Bb7 16. Bf4 Nc8 17. Nb5 Nxb5 18. axb5 Kh8 19. h4 Qd7 20. Ne3 Ne7 21.
Rac1 Rfc8 22. Rc6 Bxc6 23. dxc6 Qe8 24. Rxd6 a6 25. Bg5 h6 26. Bxe7 Qxe7 27. Rd7 Qf8 28.
Nd5 axb5 29. Qxb5 Ra1+ 30. Kh2 Rc1 31. c7 f4 32. Nxf4 R8xc7 33. Nxg6+ 1-0

[Event "*** SCC Grand Prix: Titled Tuesday Blitz"]
[Site "Chess.com"]
[Date "2020.08.04"]
[Round "3"]
[White "volcanoexplorer"]
[Black "ChessSwole"]
[Result "0-1"]
[WhiteElo "2542"]
[BlackElo "2369"]
[TimeControl "180+1"]
[EndTime "14:12:22 PDT"]
[Termination "ChessSwole won by resignation"]

1. e4 d5 2. exd5 Qxd5 3. Nc3 Qd6 4. Nf3 Nf6 5. d4 g6 6. Bc4 Bg7 7. h3 O-O 8. O-O a6 9. a4 Nc6 10. Be3 Nb4 11. Ne5 Bf5 12. Bb3 Rad8 13. Re1 c5 14. Nf3 c4 15. Bxc4 Nxc2 16. Ne5 Nxa1 17. Qxa1 Be6 18. Bf1 Bd5 19. Nxd5 Nxd5 20. Nc4 Qd7 21. a5 Nxe3 22. fxe3 e5 23. Nb6 Qd6 24. d5 e4 25. Qa4 Rfe8 26. Qc2 Qb4 27. Rd1 Qxa5 28.
Nc4 Qc5 29. Qb3 Rxd5 30. Rc1 b5 31. Nd2 Qxc1 32. Qxd5 Qxb2 33. Nxe4 Qe5 0-1

[Event "*** SCC Grand Prix: Titled Tuesday Blitz"]
[Site "Chess.com"]
[Date "2020.08.04"]
[Round "3"]
[White "Sanan_Sjugirov"]
[Black "kleopl"]
[Result "1-0"]
[WhiteElo "2834"]
[BlackElo "2466"]
[TimeControl "180+1"]
[EndTime "14:12:23 PDT"]
[Termination "Sanan_Sjugirov won by resignation"]

1. e4 c6 2. d4 d5 3. e5 Bf5 4. Nf3 e6 5. Be2 Nd7 6. O-O Ne7 7. c3 c5 8. dxc5 Nc6 9. b4 Ncxe5 10. Nd4 Bxb1 11. Rxb1 Be7 12. f4 Nc6 13. f5 e5 14. Nf3 Nf6 15. Bb5 e4 16. Nd4 Qc8 17.
Qa4 O-O 18. Nxc6 bxc6 19. Bxc6 Ng4 20. Bxa8 Qxa8 21. Bf4 Bf6 22. h3 Ne5 23. Bxe5 Bxe5 24.
Qb3 Rd8 25. Rbd1 Qc6 26. Kh1 Bb8 27. Qc2 Qc7 28. g4 Qg3 29. Qg2 Qxc3 30. g5 d4 31. g6 hxg6 32. fxg6 fxg6 33. Rc1 Qa3 34. c6 Bc7 35. Rc5 Qe3 36. Rg5 d3 37. Rxg6 Be5 38.
c7 Rc8 39. Re6 Bxc7 40. Rxe4 Qh6 41. Rd4 Rd8 42. Rxd8+ Bxd8 43. Qd5+ Kh7 44. Qxd3+ g6 45. Qd7+ 1-0

[Event "*** SCC Grand Prix: Titled Tuesday Blitz"]
[Site "Chess.com"]
[Date "2020.08.04"]
[Round "3"]
[White "ChainsOfFantasia"]
[Black "RaunakSadhwani2005"]
[Result "1-0"]
[WhiteElo "2505"]
[BlackElo "2944"]
[TimeControl "180+1"]
[EndTime "14:12:26 PDT"]
[Termination "ChainsOfFantasia won by resignation"]

1. c4 f5 2. b3 Nf6 3. Bb2 g6 4. Bxf6 exf6 5. g3 Bg7 6. Bg2 O-O 7. Nc3 d6 8. Nf3 c6 9. O-O Re8 10. e3 Nd7 11. d4 Nf8 12. b4 Be6 13. Nd2 Rc8 14. Rc1 Qd7 15. d5 Bf7 16. Nb3 Red8 17. Qe2 c5 18. bxc5 dxc5 19. Rfd1 g5 20. Rb1 Ng6 21.
Na5 b6 22. Nc6 Re8 23. Nb5 f4 24. Nbxa7 Ra8 25. Rxb6 fxe3 26. fxe3 Rxa7 27. Nxa7 Qxa7 28. Rb5 f5 29. d6 Bd4 30. Kh1 Rxe3 31. Qxe3 Bxe3 32.
d7 Kg7 33. d8=Q Qxa2 34. Rb7 Ne5 35. Qe7 Bd4 36. Qxg5+ Ng6 37. Bd5 1-0

[Event "*** SCC Grand Prix: Titled Tuesday Blitz"]
[Site "Chess.com"]
[Date "2020.08.04"]
[Round "3"]
[White "Manukyan_Artak"]
[Black "Dr-Bassem"]
[Result "0-1"]
[WhiteElo "2452"]
[BlackElo "2783"]
[TimeControl "180+1"]
[EndTime "14:12:32 PDT"]
[Termination "Dr-Bassem won by resignation"]

1. e4 e5 2. Nf3 Nc6 3. d4 exd4 4. Nxd4 Nf6 5. Nxc6 bxc6 6. e5 Qe7 7. Qe2 Nd5 8. c4 Ba6 9. h4 O-O-O 10. a3 Re8 11. f4 f6 12. Qd2 Nb6 13. Qa5 Bb7 14. Qxa7 fxe5 15. f5 Qc5 16. Nc3 e4 17. Rh3 Qxf5 18. Be3 Bc5 19. O-O-O Bxe3+ 20. Rxe3 Re5 21. c5 Rxc5 22.
Ba6 Bxa6 23. Qxa6+ Kb8 24. Kb1 Re8 25. Qe2 Rce5 26. g4 Qe6 27. Qg2 Qb3 28. Qd2 Nc4 29.
Qc1 Nxa3+ 30. Ka1 Nc4 31. Re2 Ra5+ 32. Kb1 Na3+ 0-1

[Event "*** SCC Grand Prix: Titled Tuesday Blitz"]
[Site "Chess.com"]
[Date "2020.08.04"]
[Round "3"]
[White "killer311"]
[Black "wannabe2700"]
[Result "0-1"]
[WhiteElo "2423"]
[BlackElo "2674"]
[TimeControl "180+1"]
[EndTime "14:12:32 PDT"]
[Termination "wannabe2700 won by resignation"]

1. d4 Nf6 2. c4 c5 3. d5 e6 4. Nc3 exd5 5. cxd5 d6 6. g3 g6 7. Bg2 Bg7 8. Nf3 O-O 9. O-O Re8 10.
Re1 h6 11. e4 Na6 12. Bf4 Nc7 13. a4 Nh5 14. Be3 f5 15. exf5 Bxf5 16. Nh4 Nf6 17. Nxf5 gxf5 18. Qd3 Qd7 19. Bh3 Ng4 20. Bf4 Rf8 21.
Re2 Ne5 22. Qc2 Nf3+ 23. Kg2 Nd4 24. Qd3 Nxe2 25. Qxe2 Rae8 26. Qd3 a6 27. Qd2 Kh7 28. Nd1 Re4 29. Ne3 Rd4 30. Qc2 Kh8 31. Nxf5 Rxd5 32. Ne3 Qc6 33. Nxd5 Nxd5 34. Kg1 Nxf4 35. gxf4 Qf3 36.
Bg2 Qxf4 37. Re1 Be5 38. Re4 Qxh2+ 39. Kf1 Rg8 40. Bf3 Bd4 41. Rg4 Qh3+ 42. Rg2 Qxf3 43. Rxg8+ Kxg8 44. Qg6+ Kf8 45. Qxd6+ Ke8 46. Qe6+ Kd8 47.
Qd6+ Kc8 48. Qe6+ Kc7 49. Qe7+ Kb8 50. Qd8+ Ka7 51. Qh4 h5 0-1

[Event "*** SCC Grand Prix: Titled Tuesday Blitz"]
[Site "Chess.com"]
[Date "2020.08.04"]
[Round "3"]
[White "vovachesss"]
[Black "ChronicUnhappiness"]
[Result "1-0"]
[WhiteElo "2588"]
[BlackElo "2385"]
[TimeControl "180+1"]
[EndTime "14:12:34 PDT"]
[Termination "vovachesss won by resignation"]

1. d4 d5 2. Nc3 g6 3. h4 h5 4. Bf4 c6 5. e4 Bg7 6. Nf3 Bg4 7. e5 Nh6 8. Be2 Bxf3 9. Bxf3 e6 10. Qd3 Nf5 11. O-O-O Qa5 12. g4 hxg4 13. Bxg4 Nd7 14. h5 O-O-O 15. hxg6 fxg6 16. Kb1 Rxh1 17. Rxh1 Rh8 18. Rxh8+ Bxh8 19. Bd2 Qd8 20. Qh3 Qg8 21. Ne2 Bg7 22. c3 Qh8 23. Qxh8+ Bxh8 24. Nf4 Nf8 25. Kc2 Bg7 26. Nd3 b6 27. a4 a5 28. b4 axb4 29. Nxb4 Kc7 30. Bg5 Bh6 31. Bf6 Nd7 32. Nd3 c5 33. dxc5 bxc5 34. a5 c4 35. Nb4 Bf4 36. a6 Kb6 37. Bd8+ Ka7 38. Bc7 Bxe5 39. Nc6+ Kxa6 40. Nxe5 Nxe5 41. Bxe5 Kb5 42.
Bxf5 Kc6 43. Bxe6 1-0

[Event "*** SCC Grand Prix: Titled Tuesday Blitz"]
[Site "Chess.com"]
[Date "2020.08.04"]
[Round "3"]
[White "Fischerev7"]
[Black "cukin84"]
[Result "1-0"]
[WhiteElo "2361"]
[BlackElo "2170"]
[TimeControl "180+1"]
[EndTime "14:12:35 PDT"]
[Termination "Fischerev7 won by resignation"]

1. e4 c6 2. d4 d5 3. exd5 cxd5 4. c4 Nf6 5. Nc3 Nc6 6. Nf3 Bg4 7.
cxd5 Nxd5 8. Qb3 Bxf3 9. gxf3 e6 10. Qxb7 Nxd4 11. Bb5+ Nxb5 12. Qc6+ Ke7 13. Qc5+ Ke8 14. Qc6+ Ke7 15. Qc5+ Ke8 16. Qxb5+ Qd7 17. Qxd7+ Kxd7 18. Nxd5 exd5 19. Be3 Bb4+ 20. Ke2 Rhe8 21. Kd3 Ba5 22. Rhg1 g6 23. Rg5 f5 24. Rgg1 Bb6 25. Rac1 Rac8 26. h4 Kd6 27. Bf4+ Ke6 28. Be3 Kf7 29. b4 f4 30. Bxf4 Bxf2 31. Rh1 h5 32. Bg5 Bb6 33. a4 Bf2 34. Rhf1 Rxc1 35. Rxc1 Ke6 36. Rc6+ Kf7 37. Rf6+ Kg7 38. Rd6 d4 39. Rd7+ Kg8 40. Rxa7 Be3 41. Bf6 Bh6 42. Bxd4 Rd8 43. Kc4 Bf8 44. a5 Bxb4 45.
Bb6 Bxa5 46. Bxd8 Bxd8 47. Ra8 1-0

[Event "*** SCC Grand Prix: Titled Tuesday Blitz"]
[Site "Chess.com"]
[Date "2020.08.04"]
[Round "3"]
[White "Bodnar_Mykola"]
[Black "German_Bazeev"]
[Result "0-1"]
[WhiteElo "2444"]
[BlackElo "2733"]
[TimeControl "180+1"]
[EndTime "14:12:40 PDT"]
[Termination "German_Bazeev won by resignation"]

1. d4 Nf6 2. c4 g6 3. Nc3 d5 4. Nf3 Bg7 5. h4 c6 6. Bg5 dxc4 7. e4 b5 8. e5 Nd5 9. h5 h6 10. hxg6 fxg6 11. Bd2 Nxc3 12. bxc3 Qd5 13. Be2 g5 14. Qc2 Qf7 15. Qd1 Bf5 16. a4 Qd5 17. axb5 cxb5 18.
g4 Be4 19. Rh3 Nc6 20. Ra6 O-O-O 21. Qa1 Kb7 22. Be3 Rhf8 23. Nd2 Bd3 24. Bf3 Rxf3 25. Rxf3 b4 26. cxb4 c3 27. Qxc3 Bxa6 28. Rh3 Qb5 29. Kd1 Nxb4 30. Ne4 Qe2+ 0-1

[Event "*** SCC Grand Prix: Titled Tuesday Blitz"]
[Site "Chess.com"]
[Date "2020.08.04"]
[Round "3"]
[White "goldenpuppy"]
[Black "QuintilianoR"]
[Result "1-0"]
[WhiteElo "2427"]
[BlackElo "2633"]
[TimeControl "180+1"]
[EndTime "14:12:43 PDT"]
[Termination "goldenpuppy won by resignation"]

1. e4 c5 2. Nf3 d6 3. d4 cxd4 4. Nxd4 Nf6 5. Nc3 a6 6. Be3 e5 7.
Nf3 Be7 8. Bc4 O-O 9. O-O Be6 10.
Bb3 Qc7 11. Qe2 Rc8 12. Rfd1 Nbd7 13. Ng5 Bc4 14. Qf3 h6 15. Nh3 b5 16. Qg3 Kh8 17. Rac1 Qb7 18. f3 a5 19. Nd5 Nxd5 20. Rxd5 Nf6 21.
Rdd1 a4 22. Bxc4 bxc4 23. Rb1 Qc6 24. b3 axb3 25. axb3 Ra2 26. bxc4 Rxc2 27. Rdc1 Rxc4 28. Rxc4 Qxc4 29. Rc1 Qe6 30. Rxc8+ Qxc8 31. Qe1 d5 32. exd5 Nxd5 33. Bf2 Bf6 34. Bg3 Qc5+ 35. Nf2 Kg8 36. Kh1 Qd4 37. Ne4 Be7 38. Nd2 Ne3 39. Bf2 Bg5 40. h4 Bxh4 41. Bxh4 Nc2 42. Qf2 Qa1+ 43. Kh2 Ne3 44. Qxe3 1-0

[Event "*** SCC Grand Prix: Titled Tuesday Blitz"]
[Site "Chess.com"]
[Date "2020.08.04"]
[Round "3"]
[White "Caterpiller35"]
[Black "Isajevsky_Anton"]
[Result "0-1"]
[WhiteElo "2379"]
[BlackElo "2585"]
[TimeControl "180+1"]
[EndTime "14:12:45 PDT"]
[Termination "Isajevsky_Anton won by resignation"]

1. d4 Nf6 2. Bg5 e6 3. e4 h6 4.
Bxf6 Qxf6 5. c3 b6 6. Bd3 Bb7 7. Ne2 Qe7 8. O-O g6 9. f4 Bg7 10. Nd2 d6 11. a4 a6 12. e5 Nd7 13.
Be4 d5 14. Bc2 c5 15. Nf3 h5 16. Qb1 Bf8 17. Ng5 O-O-O 18. b4 cxb4 19. cxb4 Kb8 20.
Bd3 Bh6 21. h4 Rc8 22. Qb2 Rc7 23. Rac1 Rhc8 24. Rxc7 Rxc7 25. Rc1 Rxc1+ 26. Nxc1 Ka7 27. Ne2 Nb8 28. Qc3 Nc6 29. b5 Nb4 30. bxa6 Nxa6 31. a5 Bxg5 32. fxg5 bxa5 33. Qxa5 Qb4 34. Qxb4 Nxb4 35.
Nf4 Bc6 36. Bxg6 fxg6 37. Nxg6 Nd3 38. Nf4 Nxf4 39. g3 Ng6 40. g4 Nxh4 41. gxh5 Be8 42. g6 Nxg6 43. hxg6 Bxg6 0-1

[Event "*** SCC Grand Prix: Titled Tuesday Blitz"]
[Site "Chess.com"]
[Date "2020.08.04"]
[Round "3"]
[White "Dedic8"]
[Black "Lucas_Tomiello"]
[Result "1-0"]
[WhiteElo "2789"]
[BlackElo "2455"]
[TimeControl "180+1"]
[EndTime "14:12:49 PDT"]
[Termination "Dedic8 won by resignation"]

1. e4 c5 2. Nf3 d6 3. d4 cxd4 4. Nxd4 Nf6 5. Nc3 a6 6. h3 e5 7. Nde2 b5 8. Ng3 Be6 9. a4 b4 10. Nd5 Bxd5 11. exd5 g6 12. Bc4 Bg7 13. O-O O-O 14.
a5 Nbd7 15. Bd2 Qc7 16. Qe2 Qc5 17. Be3 Qc7 18. Rfd1 Nc5 19. Bxc5 Qxc5 20. Bxa6 Rfb8 21. Qc4 Nd7 22. Ne4 Qxc4 23. Bxc4 Bf8 24. g4 f5 25. gxf5 gxf5 26. Ng3 f4 27. Ne4 Kf7 28. Kg2 Nf6 29.
Kf3 Nxe4 30. Kxe4 Be7 31. a6 Ra7 32. Rg1 Bd8 33. Ra4 Kf6 34. Rg8 Bc7 35. Rxb8 Bxb8 36.
Rxb4 Bc7 37. Rb3 h6 38. Be2 Kg5 39. Rb7 Rxb7 40. axb7 Kf6 41. b4 Ke7 42. c4 Bb8 43. c5 Kf6 44. c6 Ke7 45. b5 1-0

[Event "*** SCC Grand Prix: Titled Tuesday Blitz"]
[Site "Chess.com"]
[Date "2020.08.04"]
[Round "3"]
[White "Lupul_Cenusiu"]
[Black "Flopezin"]
[Result "1-0"]
[WhiteElo "2516"]
[BlackElo "2288"]
[TimeControl "180+1"]
[EndTime "14:12:49 PDT"]
[Termination "Lupul_Cenusiu won by resignation"]

1. d4 Nf6 2. c4 e6 3. Nc3 Bb4 4. Nf3 Bxc3+ 5. bxc3 d6 6. Bg5 h6 7. Bh4 g5 8. Bg3 Ne4 9. Nd2 Nxg3 10. hxg3 Nd7 11.
e4 f5 12. Qh5+ Kf8 13. Bd3 Nf6 14. Qf3 fxe4 15. Nxe4 Kg7 16. g4 Bd7 17. Ng3 Be8 18. Qe2 Bg6 19. Bxg6 Kxg6 20. O-O-O Qd7 21. Rde1 Rae8 22.
Kb2 Qc6 23. f3 a6 24. Qd3+ Kg7 25. Re2 b5 26. cxb5 axb5 27. Rhe1 Qd5 28. Ne4 Ra8 29. Kb1 Nxe4 30. fxe4 Qc4 31. Qxc4 bxc4 32. Rf1 Rhf8 33. Rxf8 Kxf8 34. g3 Ke7 35. Rh2 Rf8 36. a4 Rf3 37.
Kb2 Rxg3 38. Rxh6 Rxg4 39. a5 Kd7 40. a6 Kc6 41. Rxe6 Kb6 42. e5 Re4 43. Rg6 Kxa6 44.
exd6 cxd6 45. Ka3 Kb6 46. Rxd6+ Kc7 47. Rg6 Rg4 48. Kb4 Rg1 49. Kxc4 g4 50. Kc5 g3 51. d5 g2 52. Rg7+ Kd8 53. c4 Ke8 54. d6 Kf8 55. Rg4 Ke8 56. Kc6 Rc1 57. d7+ Ke7 58. Rg7+ Kd8 59.
Rg8+ 1-0

[Event "*** SCC Grand Prix: Titled Tuesday Blitz"]
[Site "Chess.com"]
[Date "2020.08.04"]
[Round "3"]
[White "XiaoKangZhong"]
[Black "YIYUKI"]
[Result "0-1"]
[WhiteElo "2415"]
[BlackElo "2291"]
[TimeControl "180+1"]
[EndTime "14:12:50 PDT"]
[Termination "YIYUKI won by resignation"]

1. e4 e5 2. Nf3 Nc6 3. Bc4 Bc5 4.
c3 Nf6 5. d3 d6 6. Nbd2 a6 7. Bb3 Ba7 8. O-O O-O 9. h3 h6 10.
Bc2 Re8 11. Re1 Ne7 12. Nf1 Ng6 13. Ng3 d5 14. exd5 Qxd5 15. Ne4 Qc6 16. Be3 Bxe3 17. Rxe3 Nxe4 18. dxe4 Nf4 19. Nh2 Qf6 20. Rg3 Be6 21.
Ng4 Bxg4 22. Qxg4 Rad8 23. Rd1 Rxd1+ 24. Bxd1 Rd8 25. Bb3 Rd2 26. Rf3 h5 27. Qc8+ Kh7 28. Qxc7 Qg5 29. g3 Nxh3+ 30. Kg2 Nf4+ 31. Rxf4 exf4 32.
Qxf4 Qxf4 33. gxf4 Kg6 34. Bd5 Rxb2 35. Kf3 f6 36.
Bb3 Rb1 37. Kg2 Re1 38. Kf3 Rg1 39. Bd5 h4 40. Be6 Kh5 41. Bc8 b6 42. a4 a5 43.
c4 g5 44. fxg5 Kxg5 45. Ke3 Ra1 46. Bd7 Ra3+ 47. Ke2 h3 48. Kf1 Ra1+ 49. Ke2 h2 50. f4+ Kxf4 0-1

[Event "*** SCC Grand Prix: Titled Tuesday Blitz"]
[Site "Chess.com"]
[Date "2020.08.04"]
[Round "3"]
[White "Sn00pPawn"]
[Black "DishonorOnYourCow"]
[Result "1-0"]
[WhiteElo "1962"]
[BlackElo "2273"]
[TimeControl "180+1"]
[EndTime "14:12:55 PDT"]
[Termination "Sn00pPawn won on time"]

1. e4 c5 2. Nf3 d6 3. Bb5+ Nd7 4. O-O a6 5. Bc4 e6 6. c3 b5 7. Bb3 Ngf6 8. Re1 Be7 9. d4 cxd4 10. cxd4 Bb7 11. Nbd2 O-O 12. a4 Re8 13. Qe2 Bf8 14. axb5 axb5 15. Rxa8 Qxa8 16. e5 dxe5 17. dxe5 Ng4 18.
Qxb5 Bc6 19. Qc4 h5 20. Bc2 Bc5 21. Rf1 Qa7 22. Ne4 Bxe4 23. Qxe4 Bxf2+ 24. Kh1 Bc5 25. Qh7+ Kf8 26. Bg5 Nh6 27. Bxh6 gxh6 28. Nd4 Nxe5 29. Nc6 Nxc6 30. Qh8+ Ke7 31. Qf6+ Kd7 32. Qxf7+ Re7 33. Rd1+ 1-0

[Event "*** SCC Grand Prix: Titled Tuesday Blitz"]
[Site "Chess.com"]
[Date "2020.08.04"]
[Round "3"]
[White "Orest_Vovk"]
[Black "TigrVShlyape"]
[Result "0-1"]
[WhiteElo "2466"]
[BlackElo "2854"]
[TimeControl "180+1"]
[EndTime "14:12:56 PDT"]
[Termination "TigrVShlyape won by resignation"]

1. h4 d5 2. h5 h6 3. e4 dxe4 4. Nc3 Nf6 5. Qe2 Nc6 6. Nxe4 e5 7.
c3 Be7 8. d3 O-O 9. f3 Nxe4 10.
dxe4 f5 11. g3 Kh8 12. Bd2 fxe4 13. fxe4 Bg5 14. O-O-O Bxd2+ 15. Qxd2 Bg4 16. Qxd8 Raxd8 17. Rxd8 Nxd8 18. Be2 Bxe2 19. Nxe2 Ne6 20. Rd1 Rf2 21. Kd2 Ng5 22. Ke1 Rh2 23. Rd8+ Kh7 24. Rd7 Nxe4 25. Kd1 Rxh5 26. Rxc7 b5 27. Rxa7 Rg5 28. Rb7 Nxg3 29.
Nxg3 Rxg3 30. Rxb5 h5 31. Rxe5 g5 32. Ke2 h4 33. Kf2 Kg6 34. a4 g4 35. a5 Rf3+ 36. Ke2 h3 37. Re8 h2 38. Rh8 Rh3 0-1